 Dungeon Crawl Stone Soup version 0.31-a0-236-g9a0961fb85 (webtiles) character file.

Game seed: 13962422763096909502

130 qw the Shooter (level 4, -4/36 HPs)
             Began as a Minotaur Hexslinger on July 10, 2023.
             Slain by Natasha (6 damage)
             ... on level 2 of the Dungeon.
             The game lasted 00:00:34 (1686 turns).

qw the Shooter (Minotaur Hexslinger)                Turns: 1686, Time: 00:00:35

Health: -4/36      AC:  5    Str: 12    XL:     4   Next: 90%
Magic:  4/4        EV: 11    Int: 10    God:
Gold:   111        SH:  0    Dex: 15    Spells: 4/5 levels left

rFire   . . .        Y - +1 sling
rCold   . . .        (no shield)
rNeg    . . .        b - +0 ring mail
rPois   .            (helmet restricted)
rElec   .            (no cloak)
rCorr   .            (no gloves)
SInv    .            (no boots)
Will    .....        (no amulet)
Stlth   +            (no ring)
HPRegen 0.26/turn    (no ring)
MPRegen 0.09/turn

%: no passive effects
@: no status effects
A: horns 2, retaliatory headbutt
a: no special abilities


You were on level 2 of the Dungeon.
You visited 1 branch of the dungeon, and saw 3 of its levels.

You collected 111 gold pieces.


Innate Abilities, Weirdness & Mutations

You have a pair of horns on your head.
You reflexively headbutt those who attack you in melee.


   Skills:
 + Level 2.1 Fighting
 - Level 5.0 Ranged Weapons
 - Level 1.8 Armour
 - Level 2.1 Dodging
 - Level 1.0 Spellcasting
 - Level 2.0 Hexes


You had 4 spell levels left.
You knew the following spells:

 Your Spells              Type           Power      Damage    Failure   Level
a - Slow                  Hex            16%        N/A       32%         1

Your spell library contained the following spells:

 Spells                   Type           Power      Damage    Failure   Level
 Inner Flame              Hex/Fire       2%         N/A       83%         3
 Portal Projectile        Hex/Tloc       4%         N/A       83%         3
 Cause Fear               Hex            2%         N/A       97%         4

Inventory:

Hand Weapons
 Y - a +1 sling (weapon)
Armour
 b - a +0 ring mail (worn)
Potions
 a - a potion of lignification {unknown}
 c - a potion of curing {unknown}
 f - a potion of enlightenment {unknown}
 h - a potion of magic {unknown}

Dungeon Overview and Level Annotations

Branches:
Dungeon (3/15)

Altars:

Shops:
D:2 (

Annotations:
D:2 Natasha


Message History

Enter note:
1679 ||| FLEEEEING.
You shoot a sling bullet. The sling bullet hits the cerulean imp.
The cerulean imp is moderately wounded.
You shoot a sling bullet.
The sling bullet closely misses the cerulean imp.
The cerulean imp hits you from afar with a +2 spear.
Natasha mumbles some strange words.
You shoot a sling bullet.
The sling bullet closely misses the cerulean imp.
The cerulean imp hits you from afar with a +2 spear.
You shoot a sling bullet.
The sling bullet closely misses the cerulean imp.
The cerulean imp hits you from afar with a +2 spear.
Natasha mumbles some strange words.
Natasha glows brightly for a moment.
The cerulean imp misses you.
You shoot a sling bullet. The sling bullet hits Natasha.
Natasha is lightly wounded.
Natasha hisses.
Natasha casts a spell at you. The magic dart hits you.
The cerulean imp hits you from afar with a +1 spear.
The cerulean imp hits you from afar with a +2 spear.
You shoot a sling bullet. The sling bullet barely misses Natasha.
The sling bullet hits the cerulean imp but does no damage.
The cerulean imp is moderately wounded.
Natasha drinks a potion.
Natasha's spells are empowered!
The cerulean imp hits you but does no damage.
The cerulean imp misses you.
Natasha stares at you and mumbles some strange words.
The magic dart hits you.
The cerulean imp hits you but does no damage.
You shoot a sling bullet.
The sling bullet closely misses Natasha.
The sling bullet closely misses the cerulean imp.
The cerulean imp disappears in a puff of smoke!
The cerulean imp hits you from afar with a +2 spear. x2
Natasha claws you.
You die...

#.#...#.#..#####.###.###.#.#
##.##.#...#...............#.#
##.###..\..######.........#.#####
##.#..#...#.# #.##.........>..#
##.....#.#..# #.###.)...#.###.#
####....#...# ##.# #.....#.###.#
# ##.#####.# #55###.###........ #
#.# #.# #h....## ##....#.# # #.#
#.# #@####.###.#...#.# # #.# #.#
##.## ##.#..##.##.. ## ##.##
#.###<..## ##.#.##.#### .###...#
#.##.....####.#....# ##
.#...#.####.............###..# #.
.............#.....###### #..# #.
...#########.##...### #..# #.
...# #........# #..# ## ...#
#####.##.# #..#


You could see Natasha (empowered) and 2 cerulean imps.

Vanquished Creatures
  A hound (D:2)
  Natasha (D:2)
  3 adders
  4 worms
  2 dart slugs
  5 ball pythons
  4 endoplasms (D:1)
  3 goblins
  A hobgoblin (D:1)
  5 kobolds
  A quokka (D:1)
  2 bats (D:1)
  3 frilled lizards
  2 rats (D:2)
37 creatures vanquished.

Notes
Turn   | Place    | Note
-------+----------+-------------------------------------------
     0 | D:1      | qw the Minotaur Hexslinger began the quest for the Orb.
     0 | D:1      | Reached XP level 1. HP: 16/16 MP: 1/1
     0 | D:1      | 0 ||| qw: Version: 0.3-a-51-g015441d
     0 | D:1      | 0 ||| qw: Game counter: 4459
     0 | D:1      | 0 ||| qw: Melee chars always use a shield: true
     0 | D:1      | 0 ||| qw: God list: Okawaru
     0 | D:1      | 0 ||| qw: Allow faded altars: false
     0 | D:1      | 0 ||| qw: Do Orc after clearing Dungeon:15 true
     0 | D:1      | 0 ||| qw: Do second Lair branch before Depths: true
     0 | D:1      | 0 ||| qw: Lair rune preference: random
     0 | D:1      | 0 ||| qw: Goals: Normal
     0 | D:1      | 0 ||| PLANNING D:1-11
   222 | D:1      | Reached skill level 3 in Ranged Weapons
   222 | D:1      | Reached XP level 2. HP: 23/23 MP: 2/2
   394 | D:1      | 394 ||| FLEEEEING.
   510 | D:1      | Found a faded altar of an unknown god.
   806 | D:1      | 806 ||| UPGRADING to +0 leather armour.
   816 | D:1      | 816 ||| DROPPING +0 robe.
   817 | D:1      | 817 ||| READING 3 scrolls labelled ULIM ZUGENT.
   818 | D:1      | 818 ||| READING scroll labelled SEPE OQYRAL.
   819 | D:1      | 819 ||| DRINKING 2 purple potions.
   820 | D:1      | 820 ||| DROPPING 2 scrolls of summoning.
   821 | D:1      | 821 ||| DROPPING scroll of poison.
   871 | D:2      | 871 ||| STAIRDANCE
   875 | D:1      | Reached XP level 3. HP: 9/29 MP: 3/3
   970 | D:2      | Reached skill level 4 in Ranged Weapons
  1060 | D:2      | Reached XP level 4. HP: 31/36 MP: 4/4
  1126 | D:2      | HP: 8/36 [adder (3)]
  1127 | D:2      | 1127 ||| DRINKING potion of heal wounds.
  1231 | D:2      | Reached skill level 5 in Ranged Weapons
  1356 | D:2      | Found Vofatut's Antique Weapon Boutique.
  1363 | D:2      | 1363 ||| SHOPLISTING glowing arbalest (202 gold, have 111).
  1585 | D:2      | 1585 ||| UPGRADING to +0 ring mail.
  1595 | D:2      | 1595 ||| DROPPING +0 leather armour.
  1612 | D:3      | Noticed Natasha
  1620 | D:3      | 1620 ||| STAIRDANCE
  1629 | D:2      | Killed Natasha
  1630 | D:2      | Reached skill level 1 in Armour
  1665 | D:2      | Noticed Natasha
  1669 | D:2      | 1669 ||| FLEEEEING.
  1670 | D:2      | 1670 ||| FLEEEEING.
  1672 | D:2      | 1672 ||| FLEEEEING.
  1673 | D:2      | 1673 ||| FLEEEEING.
  1674 | D:2      | 1674 ||| FLEEEEING.
  1675 | D:2      | 1675 ||| FLEEEEING.
  1676 | D:2      | 1676 ||| FLEEEEING.
  1677 | D:2      | 1677 ||| FLEEEEING.
  1678 | D:2      | 1678 ||| FLEEEEING.
  1679 | D:2      | 1679 ||| FLEEEEING.
  1685 | D:2      | HP: 9/36 [Natasha/magic dart (5)]
  1686 | D:2      | HP: 2/36 [cerulean imp/+2 spear[Natasha] (4)]
  1686 | D:2      | Slain by Natasha

Levels and vault maps discovered:
D:1:      mrwooster_arrival_arrow, layout_loops_ring,
          shapermc_ecumenical_altar_totnotflames, dk_noncrumbling_2,
          minivault_27
D:2:      layout_loops_ring, serial_shops, nicolae_diamond_shop
D:3:      layout_loops_corners, tso_altar, nicolae_overflow_ecumenical_swirl,
          nicolae_uskayaw_en_pointe, jmf_multi_god_temple2, uniq_terence,
          uniq_natasha

Skill      XL: |  1  2  3  4 |
---------------+-------------+-----
Ranged Weapons | 3 4 5 |  5.0
Fighting       | 2 |  2.1
Armour         | 1 |  1.8
Dodging        | |  2.1
Spellcasting   | |  1.0
Hexes          | |  2.0

Action                     |  1- 3 |  4- 6 || total
---------------------------+-------+-------++-------
   Fire: Sling             |    72 |    54 ||   126
    Use: Scroll            |     2 |       ||     2
         Potion            |     1 |     1 ||     2
 Armour: Robe              |     2 |       ||     2
         Leather armour    |     5 |     4 ||     9
         Ring mail         |       |     9 ||     9
  Dodge: Dodged            |    21 |    32 ||    53

Table legend:
 A = Non-vault XP
 B = Vault XP
 C = Vault XP percentage of total XP
 D = Non-vault monster count
 E = Vault monster count
 F = Vault count percentage of total count
                 A         B        C        D         E       F
            +---------+---------+-------+---------+---------+-------
      Total |     152 |      35 |  18.7 |      36 |       1 |   2.7
            +---------+---------+-------+---------+---------+-------
        D:1 |      52 |       0 |   0.0 |      21 |       0 |   0.0
        D:2 |     100 |      35 |  25.9 |      15 |       1 |   6.2
            +---------+---------+-------+---------+---------+-------
